| TOP OF THE 1ST |
|
Biloxi Shuckers batting - Pitching for San Antonio Missions : RHP Chris Leavitt
|
|
Pitching: RHP Chris Leavitt
|
|
|
Batting: RHB Logan Morgan
|
0-0: Foul Ball, location: 2F 0-1: Ball 1-1: Swinging Strike 1-2: Strikes out swinging
|
|
Batting: LHB Alan Bianchard
|
0-0: Called Strike 0-1: DOUBLE (Line Drive, 7LS, EV 97.5 MPH)
|
|
Batting: SHB Jamel Wright
|
0-0: Swinging Strike 0-1: Ball 1-1: Foul Ball, location: 2F 1-2: Ground out U3 (Groundball, 3, EV 78.1 MPH) Alan Bianchard to third
|
|
Batting: RHB Eddie McCoy
|
0-0: Foul Ball, location: 2F 0-1: Foul Ball, location: 2F 0-2: Strikes out swinging
|
| Top of the 1st over - 0 runs, 1 hit, 0 errors, 1 left on base; Biloxi 0 - San Antonio 0 |
| BOTTOM OF THE 1ST |
|
San Antonio Missions batting - Pitching for Biloxi Shuckers : RHP Josh Pelletier
|
|
Pitching: RHP Josh Pelletier
|
|
|
Batting: RHB Scott Schwartz
|
0-0: Ball 1-0: Ball 2-0: Called Strike 2-1: Swinging Strike 2-2: Strikes out swinging
|
|
Batting: LHB Conrad Taylor
|
0-0: Ball 1-0: Ball 2-0: Ground out 6-3 (Groundball, 56, EV 90.0 MPH)
|
|
Batting: LHB Javy Portela
|
0-0: Called Strike 0-1: Swinging Strike 0-2: Ball 1-2: Strikes out swinging
|
| Bottom of the 1st over - 0 runs, 0 hits, 0 errors, 0 left on base; Biloxi 0 - San Antonio 0 |
| TOP OF THE 2ND |
|
Biloxi Shuckers batting - Pitching for San Antonio Missions : RHP Chris Leavitt
|
|
Batting: RHB Tim Lively
|
0-0: Foul Ball, location: 2F 0-1: Called Strike 0-2: Ball 1-2: Ball 2-2: SINGLE (Flyball, 4MD, EV 96.3 MPH)
|
|
Batting: RHB Nick Garland
|
0-0: Ball 1-0: Fly out, F9 (Flyball, 9LM, EV 74.4 MPH)
|
|
Batting: RHB Eric Sullivan
|
0-0: Ball 1-0: Swinging Strike 1-1: Called Strike 1-2: Ball 2-2: Foul Ball, location: 2F 2-2: Strikes out swinging
|
|
Batting: RHB Nick Spiller
|
0-0: Swinging Strike 0-1: Ball Tim Lively steals 2nd base (no throw) 1-1: Ball 2-1: Swinging Strike 2-2: Foul Ball, location: 2F 2-2: Ball 3-2: Ground out 6-3 (Groundball, 6, EV 95.0 MPH)
|
| Top of the 2nd over - 0 runs, 1 hit, 0 errors, 1 left on base; Biloxi 0 - San Antonio 0 |
| BOTTOM OF THE 2ND |
|
San Antonio Missions batting - Pitching for Biloxi Shuckers : RHP Josh Pelletier
|
|
Batting: RHB Mike Manchester
|
0-0: SOLO HOME RUN (Flyball, 9D, EV 98.1 MPH), Distance : 373 ft
|
|
Batting: RHB Kyle Davis
|
0-0: Called Strike 0-1: Ball 1-1: Ground out 6-3 (Groundball, 6, EV 106.9 MPH)
|
|
Batting: SHB Curtis Thompson
|
0-0: Ground out 4-3 (Groundball, 4, EV 97.5 MPH)
|
|
Batting: RHB Min-chin Yi
|
0-0: Ball 1-0: Ball 2-0: Called Strike 2-1: Foul Ball, location: 2F 2-2: Ball 3-2: Base on Balls
|
|
Batting: RHB Nate Burkhalter
|
0-0: Ball Min-chin Yi steals 2nd, throwing error, E2 Min-chin Yi to third 1-0: Ball 2-0: Ball 3-0: Foul Ball, location: 2F 3-1: Ground out 6-3 (Groundball, 6, EV 84.4 MPH)
|
| Bottom of the 2nd over - 1 run, 1 hit, 1 error, 1 left on base; Biloxi 0 - San Antonio 1 |
| TOP OF THE 3RD |
|
Biloxi Shuckers batting - Pitching for San Antonio Missions : RHP Chris Leavitt
|
|
Batting: RHB Joe Hinson
|
0-0: Ball 1-0: Called Strike 1-1: Ground out 5-3 (Groundball, 56S, EV 78.8 MPH)
|
|
Batting: RHB Logan Morgan
|
0-0: Ball 1-0: Ball 2-0: Ball 3-0: Called Strike 3-1: Called Strike 3-2: Foul Ball, location: 2F 3-2: Foul Ball, location: 2F 3-2: Strikes out swinging
|
|
Batting: LHB Alan Bianchard
|
0-0: Ball 1-0: Foul Ball, location: 2F 1-1: Ball 2-1: Foul Ball, location: 2F 2-2: Strikes out swinging
|
| Top of the 3rd over - 0 runs, 0 hits, 0 errors, 0 left on base; Biloxi 0 - San Antonio 1 |
| BOTTOM OF THE 3RD |
|
San Antonio Missions batting - Pitching for Biloxi Shuckers : RHP Josh Pelletier
|
|
Batting: SHB Ryohei Nakano
|
0-0: Swinging Strike 0-1: Ball 1-1: Reached on error, E6 (Groundball, 6M, EV 95.6 MPH)
|
|
Batting: RHB Scott Schwartz
|
0-0: Called Strike 0-1: Foul Ball, location: 2F 0-2: Fly out, F8 (Flyball, 78M, EV 91.3 MPH)
|
|
Batting: LHB Conrad Taylor
|
0-0: Called Strike 0-1: Swinging Strike 0-2: Ground out U3 (Groundball, 3S, EV 69.4 MPH) Ryohei Nakano to third
|
|
Batting: LHB Javy Portela
|
0-0: Called Strike 0-1: Foul Ball, location: 2F 0-2: Foul Ball, location: 2F 0-2: Ball 1-2: Foul Ball, location: 2F 1-2: Foul Ball, location: 2F 1-2: Ball 2-2: Foul Ball, location: 2F 2-2: Foul Ball, location: 2F 2-2: Ball 3-2: Base on Balls
|
|
Batting: RHB Mike Manchester
|
0-0: Ground out 1-3 (Groundball, 13S, EV 68.8 MPH)
|
| Bottom of the 3rd over - 0 runs, 0 hits, 1 error, 2 left on base; Biloxi 0 - San Antonio 1 |
| TOP OF THE 4TH |
|
Biloxi Shuckers batting - Pitching for San Antonio Missions : RHP Chris Leavitt
|
|
Batting: SHB Jamel Wright
|
0-0: Foul Ball, location: 2F 0-1: Foul Ball, location: 2F 0-2: DOUBLE (Line Drive, 78XD, EV 112.5 MPH)
|
|
Batting: RHB Eddie McCoy
|
0-0: Called Strike Jamel Wright steals 3rd base 0-1: Foul Ball, location: 2F 0-2: SINGLE (Flyball, 78S, EV 92.5 MPH) Jamel Wright scores
|
|
Batting: RHB Tim Lively
|
0-0: Ball Wild Pitch! Eddie McCoy to second 1-0: Foul Ball, location: 2F 1-1: Ground out 6-3 (Groundball, 6, EV 81.3 MPH)
|
|
Batting: RHB Nick Garland
|
0-0: Ball 1-0: Ball 2-0: Ball 3-0: Called Strike 3-1: Base on Balls
|
|
Batting: RHB Eric Sullivan
|
0-0: Foul Ball, location: 2F 0-1: Ball 1-1: DOUBLE (Groundball, 3L, EV 105.0 MPH) Eddie McCoy scores Nick Garland to third
|
|
Batting: RHB Nick Spiller
|
0-0: Called Strike 0-1: Ball 1-1: Ball 2-1: Ball 3-1: Swinging Strike 3-2: Foul Ball, location: 2F 3-2: Base on Balls
|
|
Batting: RHB Joe Hinson
|
0-0: Ball 1-0: Swinging Strike 1-1: Swinging Strike 1-2: Strikes out looking
|
|
Batting: RHB Logan Morgan
|
0-0: Ball 1-0: Ball 2-0: Called Strike 2-1: Ball 3-1: Hit by Pitch Nick Garland scores Eric Sullivan to third Nick Spiller to second
|
|
Batting: LHB Alan Bianchard
|
0-0: Ball 1-0: Ball 2-0: Fly out, F7 (Line Drive, 7D, EV 93.8 MPH)
|
| Top of the 4th over - 3 runs, 3 hits, 0 errors, 3 left on base; Biloxi 3 - San Antonio 1 |
| BOTTOM OF THE 4TH |
|
San Antonio Missions batting - Pitching for Biloxi Shuckers : RHP Josh Pelletier
|
|
Batting: RHB Kyle Davis
|
0-0: Ball 1-0: Called Strike 1-1: SINGLE (Groundball, 6MS, EV 68.8 MPH) (infield hit)
|
|
Batting: SHB Curtis Thompson
|
0-0: Swinging Strike 0-1: Called Strike 0-2: Ball 1-2: Grounds into double play, U6-3 (Groundball, 4M, EV 103.8 MPH)
|
|
Batting: RHB Min-chin Yi
|
0-0: Ball 1-0: Called Strike 1-1: Foul Ball, location: 2F 1-2: Strikes out looking
|
| Bottom of the 4th over - 0 runs, 1 hit, 0 errors, 0 left on base; Biloxi 3 - San Antonio 1 |
| TOP OF THE 5TH |
|
Biloxi Shuckers batting - Pitching for San Antonio Missions : RHP Chris Leavitt
|
|
Batting: SHB Jamel Wright
|
0-0: Called Strike 0-1: Ball 1-1: Ground out U3 (Groundball, 3, EV 81.3 MPH)
|
|
Batting: RHB Eddie McCoy
|
0-0: Foul Ball, location: 2F 0-1: Ball 1-1: Ball 2-1: Foul Ball, location: 2F 2-2: Fly out, F7 (Line Drive, 7, EV 106.9 MPH)
|
|
Batting: RHB Tim Lively
|
0-0: Swinging Strike 0-1: Foul Ball, location: 2F 0-2: Ball 1-2: Strikes out swinging
|
| Top of the 5th over - 0 runs, 0 hits, 0 errors, 0 left on base; Biloxi 3 - San Antonio 1 |
| BOTTOM OF THE 5TH |
|
San Antonio Missions batting - Pitching for Biloxi Shuckers : RHP Josh Pelletier
|
|
Batting: RHB Nate Burkhalter
|
0-0: SOLO HOME RUN (Flyball, 7D, EV 98.1 MPH), Distance : 386 ft
|
|
Batting: SHB Ryohei Nakano
|
0-0: Foul Ball, location: 2F 0-1: Ball 1-1: Foul Ball, location: 2F 1-2: Strikes out swinging
|
|
Batting: RHB Scott Schwartz
|
0-0: Called Strike 0-1: Swinging Strike 0-2: Ball 1-2: SOLO HOME RUN (Flyball, 9D, EV 97.5 MPH), Distance : 373 ft
|
|
Batting: LHB Conrad Taylor
|
0-0: Called Strike 0-1: Swinging Strike 0-2: Ball 1-2: Ball 2-2: Ball 3-2: Strikes out swinging
|
|
Batting: LHB Javy Portela
|
0-0: Ball 1-0: Ball 2-0: SINGLE (Groundball, 6D, EV 101.9 MPH)
|
|
Batting: RHB Mike Manchester
|
0-0: Ball Wild Pitch! Javy Portela to second 1-0: Foul Ball, location: 2F 1-1: Ball 2-1: Called Strike 2-2: Strikes out swinging
|
| Bottom of the 5th over - 2 runs, 3 hits, 0 errors, 1 left on base; Biloxi 3 - San Antonio 3 |
| TOP OF THE 6TH |
|
Biloxi Shuckers batting - Pitching for San Antonio Missions : RHP Chris Leavitt
|
|
Batting: RHB Nick Garland
|
0-0: Called Strike 0-1: Ball 1-1: DOUBLE (Flyball, 89D, EV 105.0 MPH)
|
|
Pitching: RHP Eric Fragoso
|
|
|
Batting: RHB Eric Sullivan
|
0-0: Called Strike 0-1: Called Strike 0-2: Foul Ball, location: 2F 0-2: Foul Ball, location: 2F 0-2: Strikes out looking
|
|
Batting: RHB Nick Spiller
|
0-0: Called Strike 0-1: Foul Ball, location: 2F 0-2: Ball 1-2: Ball 2-2: Foul Ball, location: 2F 2-2: Ball 3-2: Foul Ball, location: 2F 3-2: Fly out, F8 (Flyball, 89XD, EV 106.9 MPH)
|
|
Batting: RHB Joe Hinson
|
0-0: Ball 1-0: Ball 2-0: Ball 3-0: Swinging Strike 3-1: Called Strike 3-2: Foul Ball, location: 2F 3-2: Strikes out swinging
|
| Top of the 6th over - 0 runs, 1 hit, 0 errors, 1 left on base; Biloxi 3 - San Antonio 3 |
| BOTTOM OF THE 6TH |
|
San Antonio Missions batting - Pitching for Biloxi Shuckers : RHP Josh Pelletier
|
|
Batting: RHB Kyle Davis
|
0-0: Ball 1-0: Ground out 3-1 (Groundball, 34, EV 85.6 MPH)
|
|
Batting: SHB Curtis Thompson
|
0-0: Called Strike 0-1: Ball 1-1: Swinging Strike 1-2: Strikes out swinging
|
|
Batting: RHB Min-chin Yi
|
0-0: Called Strike 0-1: Ball 1-1: Ball 2-1: Foul Ball, location: 2F 2-2: Foul Ball, location: 2F 2-2: Ball 3-2: Ground out 1-3 (Groundball, 25, EV 67.5 MPH)
|
| Bottom of the 6th over - 0 runs, 0 hits, 0 errors, 0 left on base; Biloxi 3 - San Antonio 3 |
| TOP OF THE 7TH |
|
Biloxi Shuckers batting - Pitching for San Antonio Missions : RHP Eric Fragoso
|
|
Pitching: LHP Leonor Bem
|
|
|
Batting: RHB Logan Morgan
|
0-0: Called Strike 0-1: Foul Ball, location: 2F 0-2: Ground out 4-3 (Groundball, 4, EV 78.8 MPH)
|
|
Batting: LHB Alan Bianchard
|
0-0: Ball 1-0: Foul Ball, location: 2F 1-1: Foul Ball, location: 2F 1-2: Ball 2-2: Ball 3-2: Strikes out swinging
|
|
Batting: SHB Jamel Wright
|
0-0: Ball 1-0: Called Strike 1-1: Ground out 6-3 (Groundball, 6MD, EV 101.9 MPH)
|
| Top of the 7th over - 0 runs, 0 hits, 0 errors, 0 left on base; Biloxi 3 - San Antonio 3 |
| BOTTOM OF THE 7TH |
|
San Antonio Missions batting - Pitching for Biloxi Shuckers : RHP Josh Pelletier
|
|
Pitching: RHP Jason Miles
|
|
|
Batting: RHB Nate Burkhalter
|
0-0: Ball 1-0: Foul Ball, location: 2F 1-1: Ball 2-1: Ball 3-1: Foul Ball, location: 2F 3-2: Ground out 6-3 (Groundball, 6, EV 88.8 MPH)
|
|
Batting: SHB Ryohei Nakano
|
0-0: SINGLE (Groundball, 56D, EV 103.1 MPH)
|
|
Batting: RHB Scott Schwartz
|
0-0: Ball Ryohei Nakano steals 2nd base 1-0: Ball 2-0: Called Strike 2-1: Ball 3-1: Base on Balls Ryohei Nakano steals 3rd base
|
|
Batting: LHB Conrad Taylor
|
0-0: Called Strike Scott Schwartz steals 2nd base 0-1: Ball 1-1: Ball 2-1: Ball 3-1: Base on Balls
|
|
Batting: LHB Javy Portela
|
0-0: Ball 1-0: Ball 2-0: Called Strike 2-1: Swinging Strike 2-2: Strikes out swinging
|
|
Batting: RHB Mike Manchester
|
0-0: Ball 1-0: SINGLE (Groundball, 6, EV 102.5 MPH) Ryohei Nakano scores Scott Schwartz to third Conrad Taylor to second Throwing error, E8 Scott Schwartz scores Conrad Taylor to third Mike Manchester to second
|
|
Batting: RHB Kyle Davis
|
0-0: Ball 1-0: Foul Ball, location: 2F 1-1: SINGLE (Groundball, P, EV 81.9 MPH) (infield hit) Conrad Taylor scores Mike Manchester to third
|
|
Batting: SHB Curtis Thompson
|
0-0: Ball 1-0: Fly out, F8 (Flyball, 8LD, EV 103.1 MPH)
|
| Bottom of the 7th over - 3 runs, 3 hits, 1 error, 2 left on base; Biloxi 3 - San Antonio 6 |
| TOP OF THE 8TH |
|
Biloxi Shuckers batting - Pitching for San Antonio Missions : LHP Leonor Bem
|
|
Now in LF: Corey Lewis
|
|
|
Batting: RHB Eddie McCoy
|
0-0: Ball 1-0: Called Strike 1-1: Called Strike 1-2: Fly out, F9 (Line Drive, 9D, EV 101.9 MPH)
|
|
Batting: RHB Tim Lively
|
0-0: Called Strike 0-1: Ball 1-1: Ball 2-1: Swinging Strike 2-2: Strikes out swinging
|
|
Batting: RHB Nick Garland
|
0-0: Called Strike 0-1: Ball 1-1: Ball 2-1: Foul Ball, location: 2F 2-2: Strikes out swinging
|
| Top of the 8th over - 0 runs, 0 hits, 0 errors, 0 left on base; Biloxi 3 - San Antonio 6 |
| BOTTOM OF THE 8TH |
|
San Antonio Missions batting - Pitching for Biloxi Shuckers : RHP Jason Miles
|
|
Pitching: RHP Chris Burton
|
|
|
Batting: RHB Min-chin Yi
|
0-0: Ball 1-0: Ground out U3 (Groundball, 3L, EV 84.4 MPH)
|
|
Batting: RHB Nate Burkhalter
|
0-0: Ground out 6-3 (Groundball, 56, EV 84.4 MPH)
|
|
Batting: SHB Ryohei Nakano
|
0-0: Swinging Strike 0-1: Called Strike 0-2: Foul Ball, location: 2F 0-2: Foul Ball, location: 2F 0-2: Strikes out swinging
|
| Bottom of the 8th over - 0 runs, 0 hits, 0 errors, 0 left on base; Biloxi 3 - San Antonio 6 |
| TOP OF THE 9TH |
|
Biloxi Shuckers batting - Pitching for San Antonio Missions : LHP Leonor Bem
|
|
Batting: RHB Eric Sullivan
|
0-0: Ground out 4-3 (Groundball, 4, EV 88.8 MPH)
|
|
Batting: RHB Nick Spiller
|
0-0: Called Strike 0-1: Fly out, F9 (Line Drive, 9S, EV 109.4 MPH)
|
|
Batting: RHB Joe Hinson
|
0-0: Ground out 5-3 (Groundball, 56, EV 97.5 MPH)
|
| Top of the 9th over - 0 runs, 0 hits, 0 errors, 0 left on base; Biloxi 3 - San Antonio 6 |
|